 Dungeon Crawl Stone Soup version 0.31.0-11-ge490571c62 (webtiles) character file.

Game seed: 3039788201428609013

34 Fodor the Shield-Bearer (level 3, -10/33 HPs)
             Began as a Minotaur Fighter on Feb 6, 2024.
             Was a Follower of Nemelex Xobeh.
             Mangled by a gnoll
             ... wielding a +0 halberd
              (11 damage)
             ... on level 2 of the Dungeon.
             The game lasted 00:03:17 (525 turns).

Fodor the Shield-Bearer (Minotaur Fighter)           Turns: 525, Time: 00:03:18

Health: -10/33     AC:  7    Str: 22    XL:     3   Next: 14%
Magic:  2/2        EV:  9    Int:  5    God:    Nemelex Xobeh [*.....]
Gold:   58         SH:  4    Dex:  9    Spells: 2/2 levels left

rFire   . . .        a - +0 war axe
rCold   . . .        c - +0 buckler
rNeg    . . .        b - +0 scale mail
rPois   .            (helmet restricted)
rElec   .            (no cloak)
rCorr   .            (no gloves)
SInv    .            (no boots)
Will    .....        (no amulet) Stlth
                     (no ring)
HPRegen 0.25/turn    (no ring)
MPRegen 0.08/turn

%: no passive effects
@: no status effects
A: horns 2, retaliatory headbutt
a: Renounce Religion, Draw Escape, Draw Destruction, Draw Summoning


You were on level 2 of the Dungeon.
You worshipped Nemelex Xobeh.
Nemelex Xobeh was aware of your devotion.
You visited 1 branch of the dungeon, and saw 2 of its levels.

You collected 58 gold pieces.

Inventory:

Hand Weapons
 a - a +0 war axe (weapon)
Armour
 b - a +0 scale mail (worn)
 c - a +0 buckler (worn)
Scrolls
 e - a scroll of teleportation {unknown}
 f - a scroll of noise {unknown}
 g - a scroll of blinking {unknown}
 j - a scroll of identify {unknown}
Potions
 d - a potion of might
 h - a potion of mutation {unknown}
 i - a potion of curing {unknown}
 k - a potion of haste {unknown}


   Skills:
 + Level 4.1 Fighting
 + Level 2.7 Axes
 + Level 4.0 Armour
 + Level 0.1 Dodging
 + Level 4.3 Shields


You had 2 spell levels left.
You didn't know any spells.
Your spell library was empty.

Dungeon Overview and Level Annotations

Branches:
Dungeon (2/15)

Altars:
Nemelex Xobeh

Shops:
D:1 [


Innate Abilities, Weirdness & Mutations

You have a pair of horns on your head.
You reflexively headbutt those who attack you in melee.


Message History

The gnoll is lightly wounded.
You closely miss the gnoll.
The gnoll hits you from afar with a +0 halberd!
You block the gnoll's attack. The gnoll hits you with a +0 spear.
The gnoll hits you from afar with a +0 halberd.
The gnoll hits you with a +0 club.
* * * LOW HITPOINT WARNING * * *
You barely miss the gnoll.
The gnoll is lightly wounded.
You hit the gnoll. The gnoll hits you but does no damage.
You block the gnoll's attack. x2; The gnoll hits you but does no damage.
You barely miss the gnoll.
The gnoll is lightly wounded.
You closely miss the gnoll. You block the gnoll's attack.
The gnoll hits you with a +0 club.
* * * LOW HITPOINT WARNING * * *
The gnoll hits you but does no damage.
You hit the gnoll but do no damage.
The gnoll is lightly wounded.
You hit the gnoll but do no damage. The gnoll barely misses you.
The gnoll hits you but does no damage. The gnoll barely misses you. x2
The gnoll hits you with a +0 club.
* * * LOW HITPOINT WARNING * * *
You block the gnoll's attack.
You barely miss the gnoll.
The gnoll is lightly wounded.
You completely miss the gnoll. You block the gnoll's attack.
The gnoll hits you with a +0 club.
* * * LOW HITPOINT WARNING * * *
The gnoll hits you but does no damage.
You hit the gnoll.
The gnoll is moderately wounded.
You slash the gnoll! The gnoll barely misses you. The gnoll closely misses you.
You furiously retaliate!
You headbutt the gnoll!
You kill the gnoll!
The gnoll hits you with a +0 spear.
* * * LOW HITPOINT WARNING * * *
The gnoll hits you from afar with a +0 halberd!
You die...
Your body glows slightly and disappears.

.??.... #. .#
..?.... #.## .#
...<...##..# .#
........##.##.##
...............
.........#..#.#
........g##)#.#
......$.gg@...#
........####..#
.......## #..#
......# #(.#
...g.# ##.#
#..#. .. #..g
..# .... ..#


You could see 3 gnolls.

Vanquished Creatures
  An adder (D:2)
  A gnoll (D:2)
  A dart slug (D:1)
  A bat (D:2)
  An endoplasm (D:2)
  2 goblins (D:1)
  4 hobgoblins (D:1)
  4 jackals (D:1)
  A kobold (D:1)
  A ball python (D:1)
  A frilled lizard (D:1)
  3 rats (D:1)
21 creatures vanquished.

Notes
Turn   | Place    | Note
-------+----------+-------------------------------------------
     0 | D:1      | Fodor the Minotaur Fighter began the quest for the Orb.
     0 | D:1      | Reached XP level 1. HP: 19/19 MP: 0/0
    65 | D:1      | Found Seuta's Armour Emporium.
   121 | D:1      | Found a faded altar of an unknown god.
   136 | D:1      | Reached XP level 2. HP: 27/27 MP: 1/1
   171 | D:1      | Prayed at the altar of an unknown god.
   171 | D:1      | Became a worshipper of Nemelex Xobeh the Trickster
   171 | D:1      | Reached * piety under Nemelex Xobeh
   508 | D:2      | Reached XP level 3. HP: 32/33 MP: 2/2
   511 | D:2      | Received a gift from Nemelex Xobeh
   524 | D:2      | HP: 1/33 [gnoll/+0 club (5)]
   525 | D:2      | Mangled by a gnoll

Illustrated notes

Levels and vault maps discovered:
D:1:      wander_arrival_estate, layout_basic, ebering_ecumenical_altar_webs,
          serial_shops, shop
D:2:      layout_rooms, uniq_robin

Skill      XL: |  1  2 |
---------------+-------+-----
Shields        | 4 |  4.3
Fighting       | 4 |  4.1
Armour         | 4 |  4.0
Axes           | |  2.7
Dodging        | |  0.1

Action                     || total
---------------------------++-------
  Melee: War axe           ||    55
         Headbutt          ||     3
 Armour: Scale mail        ||    57
  Dodge: Dodged            ||    32
  Block: Buckler           ||    21
